 Dungeon Crawl Stone Soup version 0.27-a0-492-ga4bb394fd4 (webtiles) character file.

Game seed: 10501981935989380409

3681 Gaff the Slicer (level 10, 0/60 HPs)
             Began as a Kobold Brigand on Mar 2, 2021.
             Was a Believer of Okawaru.
             Slain by an orc warrior
             ... wielding a +0 glaive
              (11 damage)
             ... in a bailey.
             The game lasted 00:31:31 (11936 turns).

Gaff the Slicer (Kobold Brigand)                   Turns: 11936, Time: 00:31:32

Health: 0/60       AC:  6    Str: 14    XL:     10   Next: 35%
Magic:  10/10      EV: 23    Int: 13    God:    Okawaru [**....]
Gold:   527        SH:  0    Dex: 20    Spells: 9/9 levels left

rFire    . . .     SeeInvis .   b - +0 dagger (venom)
rCold    . . .     Faith    +   (shield restricted)
rNeg     . . .     Spirit   .   h - +0 leather armour
rPois    .         Reflect  .   E - +2 hat
rElec    .         Harm     .   c - +0 cloak
rCorr    .         Rampage  .   (no gloves)
Will     .....                  (no boots)
Stlth    +++++.....             o - amulet of faith
HPRegen  0.20/turn              j - +6 ring of strength
MPRegen  0.12/turn              H - +4 ring of slaying

@: no status effects
A: small, nightstalker 3
a: Renounce Religion, Heroism


You were in a bailey.
You worshipped Okawaru.
Okawaru was pleased with you.
You visited 2 branches of the dungeon, and saw 9 of its levels.
You also visited: Bailey.

You collected 527 gold pieces.

Inventory:

Hand Weapons
 a - a +2 dagger
 b - a +0 dagger of venom (weapon)
 g - a +0 short sword
 x - the +3 flail of Fear {venom, Str+4 Stlth+}
   (You found it on level 5 of the Dungeon)

   It poisons the flesh of those it strikes.
   It affects your strength (+4).
   It makes you more stealthy.
Missiles
 d - 24 poisoned darts (quivered)
 e - 2 curare-tipped darts
 A - 10 boomerangs
Armour
 c - a +0 cloak (worn)
 h - a +0 leather armour (worn)
 r - a +0 robe
 D - a +0 robe of the Archmagi
 E - a +2 hat (worn)
Jewellery
 j - a +6 ring of strength (left hand)
 o - an amulet of faith (around neck)
 q - a ring of protection from fire
 u - a ring of magical power
 w - an amulet of reflection
 y - a ring of wizardry
 G - a ring of fire
 H - a +4 ring of slaying (right hand)
Wands
 v - a wand of polymorph (12)
 L - a wand of flame (26)
 O - a wand of acid (6)
Scrolls
 k - 4 scrolls of teleportation
 l - a scroll of blinking
 m - 2 scrolls of amnesia {unknown}
 n - 2 scrolls of enchant armour {unknown}
 p - 2 scrolls of random uselessness {unknown}
 s - a scroll of fear
 C - a scroll of enchant weapon
 M - a scroll of immolation
Potions
 f - a potion of curing
 t - a potion of degeneration {unknown}
 z - a potion of berserk rage {unknown}
 F - 2 potions of brilliance {unknown}
 I - a potion of mutation {unknown}
 J - a potion of flight {unknown}
 K - a potion of ambrosia {unknown}
 N - a potion of resistance {unknown}
 P - a potion of haste {unknown}


   Skills:
 + Level 5.7 Fighting
 + Level 9.7 Short Blades
 + Level 3.5 Throwing
 + Level 4.7 Armour
 * Level 9.7 Dodging
 - Level 7.0 Stealth
 + Level 2.3 Shields


You had 9 spell levels left.
You didn't know any spells.
Your spell library was empty.

Dungeon Overview and Level Annotations

Branches:
Dungeon (8/15)             Temple (1/1) D:7          Bailey (1/1)
   Lair: D:8-11

Altars:
Ashenzari
Dithmenos
Elyvilon
Fedhas
Gozag
Hepliaklqana
Kikubaaqudgha
Makhleb
Nemelex Xobeh
Okawaru
Ru
Sif Muna
Trog
Vehumet
Wu Jian
Xom
Zin
The Shining One


Innate Abilities, Weirdness & Mutations

You are small and have problems with some larger weapons.
You are completely attuned to the shadows.


Message History

The orc warrior misses you.
You closely miss the orc warrior.
You hit the orc warrior but do no damage.
The orc warrior is poisoned.
The orc warrior hits you with a +0 glaive!!
The orc shouts!
You hear a shout!
You barely miss the orc warrior.
The orc warrior is lightly wounded.
You hear a shout! x3
The orc warrior closely misses you.
You hear a shout!
You hit the orc warrior but do no damage.
The orc warrior looks even sicker.
The orc warrior is lightly wounded.
An orc comes into view. It is wielding a +0 trident.
You hit the orc warrior but do no damage.
The orc warrior is lightly wounded.
The orc warrior hits you with a +0 glaive!!
* * * LOW HITPOINT WARNING * * *
The orc warrior completely misses you. The orc warrior completely misses you.
Things that are here:
a +0 spear; a +0 ring mail A centaur comes into view.
It is wielding a +4 trident.
The centaur moves out of view.
There is an open gate here.
You open the door.
There is an open door here.
You hit the orc warrior but do no damage.
The orc warrior hits you with a +0 glaive!
* * * LOW HITPOINT WARNING * * *
You hit the orc warrior but do no damage.
The orc warrior is poisoned.
You hit the orc warrior but do no damage.
The orc warrior looks as sick as possible!
You hit the orc warrior but do no damage.
The orc warrior looks as sick as possible!
The orc warrior is moderately wounded.
The orc warrior hits you with a +0 glaive!
You die...

.≈≈)≈.≈≈≈≈≈.≈.≈≈.#..≈#
.≈.≈≈.≈...≈)≈≈.≈.#..≈#
.≈.≈.≈≈...≈≈.≈.≈.#..≈#
.≈.≈.≈.⌠∩⌠.≈.≈.≈.#..≈#
.≈.≈.≈..∩..≈.≈.≈.#..≈#
.≈.≈.≈.⌠∩⌠.≈.≈.≈.#..≈#
.≈.≈.≈≈...≈≈.≈.≈.#o.≈#
)≈.≈≈.≈...≈.≈≈)≈.#..≈#
.≈≈.≈.≈≈.≈≈.≈.≈≈@#..≈#
.)≈.≈≈.≈.≈.≈≈.≈..o..≈#
.....≈≈...≈≈.....#..≈#
......≈≈≈≈≈......#..##
≈≈≈≈.........≈≈≈≈#.##
###≈≈⌠.)...⌠≈≈######
##≈≈≈...≈≈≈##
##≈≈≈≈≈≈≈## #########


You could see an orc warrior (extremely poisoned).

Vanquished Creatures
  Pikel (D:4)
  Grinder (D:4)
  5 orc warriors
  2 black bears (D:7)
  2 sky beasts
  5 centaurs
  3 ogres
  2 phantoms (D:6)
  3 lemures
  A bullfrog (D:6)
  4 scorpions
  8 wights
  A howler monkey (D:5)
  A centaur zombie (D:7)
  2 jellies
  A quasit (D:7)
  3 orc priests
  3 hounds
  Crazy Yiuf (D:3)
  4 orc wizards
  Ijyb (D:4)
  4 worker ants
  A hound zombie (D:7)
  A worker ant zombie (D:6)
  2 adders
  A gnoll (D:1)
  2 shadow imps
  A white imp (D:6)
  2 ufetubi
  An ooze (D:2)
  An adder skeleton (D:4)
  4 dart slugs
  3 leopard geckos
  41 orcs
  2 ball pythons
  A giant cockroach (D:4)
  9 goblins
  6 hobgoblins
  A quokka (D:7)
  3 bats
  3 frilled lizards
  6 kobolds
  2 leopard gecko skeletons
  A quokka skeleton (D:5)
  6 rats
158 creatures vanquished.

Notes
Turn   | Place    | Note
-------+----------+-------------------------------------------
     0 | D:1      | Gaff the Kobold Brigand began the quest for the Orb.
     0 | D:1      | Reached XP level 1. HP: 12/12 MP: 1/1
    45 | D:1      | Reached XP level 2. HP: 17/17 MP: 2/2
   269 | D:1      | Reached XP level 3. HP: 21/21 MP: 3/3
  1530 | D:2      | Reached XP level 4. HP: 26/26 MP: 4/4
  2139 | D:3      | Found a runed translucent door.
  2142 | D:3      | Noticed Crazy Yiuf
  2193 | D:3      | Found an opulent altar of Gozag.
  2717 | D:4      | Noticed a phantom
  2994 | D:4      | Reached XP level 5. HP: 3/31 MP: 5/5
  3399 | D:5      | Entered Level 5 of the Dungeon
  3606 | D:4      | Noticed a lemure
  3607 | D:4      | Noticed a lemure
  3607 | D:4      | Noticed a lemure
  3608 | D:4      | Noticed Pikel
  3610 | D:4      | Noticed a lemure
  3653 | D:3      | Killed a lemure
  4271 | D:2      | Reached XP level 6. HP: 37/37 MP: 6/6
  4913 | D:4      | Reached skill level 1 in Armour
  5390 | D:5      | Reached skill level 5 in Short Blades
  5503 | D:5      | Reached XP level 7. HP: 41/41 MP: 7/7
  5555 | D:5      | Identified the +3 flail of Fear {venom, Str+4 Stlth+}
  6590 | D:6      | Reached XP level 8. HP: 46/46 MP: 8/8
  6627 | D:5      | Reached skill level 5 in Dodging
  7338 | D:6      | Found a bloodstained altar of Trog.
  7342 | D:6      | Found a glowing silver altar of Zin.
  7343 | D:6      | Found a blossoming altar of Fedhas.
  7372 | D:6      | Found a white marble altar of Elyvilon.
  7664 | D:6      | Reached skill level 1 in Shields
  7700 | D:6      | Reached XP level 9. HP: 43/52 MP: 9/9
  8571 | D:7      | Found a sacrificial altar of Ru.
  8576 | D:7      | Became a worshipper of Ru the Awakened
  9055 | D:7      | Found a staircase to the Ecumenical Temple.
  9061 | Temple   | Entered the Ecumenical Temple
  9350 | Temple   | Fell from the grace of Ru
  9350 | Temple   | Became a worshipper of Warmaster Okawaru
 10041 | D:3      | Killed Crazy Yiuf
 10218 | D:4      | Reached skill level 5 in Fighting
 10344 | D:4      | Found a shadowy altar of Dithmenos.
 10395 | D:4      | Killed Pikel
 10395 | D:4      | Reached * piety under Okawaru
 10507 | D:4      | Noticed Ijyb
 10511 | D:4      | Killed Ijyb
 10512 | D:4      | Reached XP level 10. HP: 59/59 MP: 10/10
 10586 | D:4      | Noticed Grinder
 10590 | D:4      | Killed Grinder
 10922 | D:8      | Found a flagged portal.
 10941 | Bailey   | Entered a bailey
 11281 | Bailey   | Reached ** piety under Okawaru
 11936 | Bailey   | Slain by an orc warrior

Illustrated notes

Levels and vault maps discovered:
D:1:      dpeg_arrival_brainrot, layout_basic, chequers_serial_rivers_room_b
D:2:      cheibrodos_pilgrimage, layout_loops_cross, serial_co_window_serial,
          co_window_paths_a, co_window_of_opportunity_a,
          co_window_of_opportunity_a, co_window_corner_a, co_window_cross_1,
          co_window_broadway_b, co_window_of_opportunity_b,
          co_window_broadway_b, co_window_unsneaky_path_b, glass_columns_a
D:3:      layout_basic, nicolae_gozag_seed_capital, uniq_crazy_yiuf_cottage
D:4:      layout_loops_ring, nicolae_dithmenos_through_a_glass_darkly,
          uniq_pikel, uniq_grinder, uniq_ijyb
D:5:      layout_basic
D:6:      layout_rooms, minitemple, elyvilon_altar_5, minmay_increasing_density
D:7:      layout_cave_pods, nicolae_ru_sacrificial_ziggurat, temple_pool_b,
          minmay_misc_feat_roman, hangedman_abyss_or_decor_jellyfish_corner,
          minmay_hedge_maze
D:8:      layout_gridville, enter_bailey_3, uniq_grum
Temple:   dshaligram_water_room_temple
Bailey:   bailey_polearm_flooded_kennysheep, bailey

Skill      XL: |  1  2  3  4  5  6  7  8  9 10 |
---------------+-------------------------------+-----
Stealth        | 6 7 |  7.0
Short Blades   | 3 4 5 7 9 |  9.7
Dodging        | 2 3 4 6 8 9 |  9.7
Fighting       | 3 4 5 |  5.7
Armour         | 1 3 4 |  4.7
Throwing       | 3 |  3.5
Shields        | 1 2 |  2.3

Action                   |  1- 3 |  4- 6 |  7- 9 | 10-12 || total
-------------------------+-------+-------+-------+-------++-------
Melee: Dagger            |    58 |   143 |   386 |   113 ||   700
Throw: Dart              |       |     6 |     7 |       ||    13
Evoke: Wand              |       |       |       |     1 ||     1
  Use: Potion            |     1 |     3 |       |       ||     4
       Scroll            |       |       |     1 |     6 ||     7
 Stab: Sleeping          |    14 |    16 |    27 |     9 ||    66
       Distracted        |     1 |       |     3 |     1 ||     5
Armor: Robe              |     6 |     4 |       |       ||    10
       Leather armour    |       |     4 |    28 |     8 ||    40
Dodge: Dodged            |    20 |    78 |   173 |    99 ||   370
Block: Other             |       |     3 |    38 |       ||    41
       Reflection        |       |       |     1 |       ||     1

Table legend: (Time is in decaauts)
 A = Elapsed time spent in this place.
 B = Non-inter-level travel time spent in this place.
 C = Inter-level travel time spent in this place.
 D = Time resting spent in this place.
 E = Time spent auto-exploring this place.
 F = Levels seen in this place.
 G = Mean time per level.
                   A        B        C        D        E       F      G
               +--------+--------+--------+--------+--------+-----+--------+
         Total |  11720 |  11218 |    502 |   2780 |   5741 |  10 | 1172.0 |
       Dungeon |  10464 |   9977 |    487 |   2372 |   5368 |   8 | 1308.0 |
        Temple |    305 |    290 |     15 |      0 |    251 |   1 |  305.0 |
        Bailey |    950 |    950 |      0 |    408 |    122 |   1 |  950.0 |
               +--------+--------+--------+--------+--------+-----+--------+

Top non-repeatable levels by time:
     D:5: 2344 daAuts
     D:4: 1571 daAuts
     D:3: 1487 daAuts
     D:2: 1441 daAuts
     D:6: 1172 daAuts
     D:1: 1168 daAuts
     D:7: 1162 daAuts
  Bailey: 950 daAuts
  Temple: 305 daAuts
     D:8: 117 daAuts
